 Dungeon Crawl Stone Soup version 0.23.0 (webtiles) character file.

Game seed: 1218852500119855468

2394 Borgoz the Skirmisher (level 9, -10/51 HPs)
             Began as a Gargoyle Gladiator on Feb 9, 2019.
             Was a Follower of Makhleb.
             Splashed by Joseph's acid (18 damage)
             ... on level 7 of the Dungeon.
             The game lasted 00:10:38 (6393 turns).

Borgoz the Skirmisher (Gargoyle Gladiator)          Turns: 6393, Time: 00:10:39

Health: -10/51     AC: 10    Str: 17    XL:     9   Next: 46%
Magic:  10/10      EV: 14    Int: 12    God:    Makhleb [*.....]
Gold:   517        SH:  0    Dex: 14    Spells: 8/8 levels left

rFire    + . .     SeeInvis .   a - +0 war axe
rCold    . . .     Gourm    .   (no shield)
rNeg     + . .     Faith    .   n - +0 ring mail
rPois    ∞         Spirit   .   c - +0 helmet
rElec    +         Reflect  .   (no cloak)
rCorr    .         Harm     .   (no gloves)
MR       .....     Clarity  +   (no boots)
Stlth    ..........             (no amulet)
HPRegen  0.17/turn              (no ring)
MPRegen  0.12/turn              (no ring)

@: confused, corroded, very slightly contaminated
A: clarity, clever 1, fire resistance 1, frail 1, negative energy resistance 1,
electricity resistance, unbreathing, petrification resistance, rot immunity, AC
+6
a: Renounce Religion


You were on level 7 of the Dungeon.
You worshipped Makhleb.
Makhleb was aware of your devotion.
You were not hungry.

You visited 2 branches of the dungeon, and saw 8 of its levels.

You collected 517 gold pieces.

Inventory:

Hand Weapons
 a - a +0 war axe (weapon)
 b - a +2 whip of electrocution
 v - a +0 blowgun
 C - a +2 quarterstaff of chaos
Missiles
 d - 3 throwing nets (quivered)
 m - 5 steel tomahawks
 u - 6 tomahawks
 w - 29 poisoned needles
Armour
 c - a +0 helmet (worn)
 n - a +0 ring mail (worn)
Jewellery
 F - an uncursed ring of see invisible {unknown}
 J - an uncursed ring of fire {unknown}
 L - an uncursed amulet of harm {unknown}
 N - an uncursed ring of protection from magic {unknown}
Wands
 y - a wand of iceblast (11)
 G - a wand of polymorph (9)
 I - a wand of random effects (32)
 K - a wand of disintegration (9)
Scrolls
 g - 3 scrolls of amnesia {unknown}
 h - 3 scrolls of enchant armour {unknown}
 i - 2 scrolls of blinking {unknown}
 j - 2 scrolls of teleportation {unknown}
 k - 2 scrolls of fear {unknown}
 l - 4 scrolls of identify {unknown}
 p - 4 scrolls of remove curse {unknown}
 r - a scroll of fog {unknown}
 s - a scroll of enchant weapon {unknown}
 D - 2 scrolls of immolation {unknown}
 H - a scroll of vulnerability {unknown}
Potions
 e - a potion of resistance
 o - a potion of brilliance {unknown}
 q - 2 potions of mutation
 z - 2 potions of flight {unknown}
 A - 4 potions of heal wounds {unknown}
 B - 2 potions of haste
 E - a potion of lignification {unknown}
Comestibles
 f - 12 rations
 M - 4 chunks of flesh


   Skills:
 + Level 7.0 Fighting
 + Level 6.2 Axes
 - Level 1.7 Throwing
 + Level 6.4 Armour
 + Level 5.6 Dodging
 + Level 2.1 Invocations


You had 8 spell levels left.
You didn't know any spells.
Your spell library contained the following spells:

 Spells                   Type           Power        Failure   Level  Hunger
 Corona                   Hex            #......      50%         1    ##.....
 Ensorcelled Hibernation  Hex/Ice        #.....       63%         2    ###....
 Confuse                  Hex            #.......     86%         3    ####...
 Dazzling Spray           Conj/Hex       #.....       86%         3    ####...
 Tukima's Dance           Hex            #.......     86%         3    ####...


Dungeon Overview and Level Annotations

Branches:
Dungeon (7/15)             Temple (1/1) D:5

Altars:
Ashenzari
Cheibriados
Dithmenos
Elyvilon
Fedhas
Gozag
Hepliaklqana
Kikubaaqudgha
Makhleb
Nemelex Xobeh
Okawaru
Qazlal
Ru
Sif Muna
Uskayaw
Vehumet
Wu Jian
Xom
Yredelemnul
Zin
The Shining One

Shops:
D:5 *

Annotations:
D:7 Joseph


Innate Abilities, Weirdness & Mutations

You are resistant to torment.
Your stone body is resilient. (AC +6)
You are immune to poison.
You resist negative energy. (rN+)
You are resistant to electric shocks. (rElec)
You can survive without breathing.
You are immune to petrification.
You are immune to rotting.
You possess an exceptional clarity of mind.
Your mind is acute. (Int +2)
Your flesh is heat resistant. (rF+)
You are frail. (-10% HP)


Message History

Joseph is heavily wounded.
Joseph hits you with a +0 quarterstaff!
* * * LOW HITPOINT WARNING * * *
You are confused.
You feel invigorated. Joseph hits you but does no damage.
You hit Joseph.
Joseph is heavily wounded.
Joseph zaps a wand.
The bolt of acid misses you.
You see here a sling bullet.
Joseph closely misses you.
You hit Joseph.
Joseph is heavily wounded.
Joseph hits you with a +0 quarterstaff!!
* * * LOW HITPOINT WARNING * * *
You miss Joseph.
Joseph is heavily wounded.
Joseph zaps a wand.
The bolt of acid hits you!
* * * LOW HITPOINT WARNING * * *
You are splashed with acid!!
You die...

### ########### #<.
.........# #..
#.......# #..
########.......# #..
#####.....##$......###
#..
#.....###(.(..[...(...
###
#.#≈..###(@@..........
#......##.............
#....≈.##......(.#####
#..≈...###########
##.≈.........#
#...≈(......####
###..#.####....# #
####.# #....# # #.#
#....# #


You could see Joseph.

Vanquished Creatures
  Pikel (D:5)
  Sigmund (D:5)
  Eustachio (D:4)
  4 slaves (D:5)
  3 ogres
  A centaur (D:4)
  Blork the orc (D:5)
  A bullfrog (D:6)
  5 scorpions
  A water moccasin skeleton (D:4)
  A howler monkey (D:5)
  3 crimson imps
  An orc priest (D:3)
  Crazy Yiuf (D:4)
  A hound (D:4)
  A bullfrog skeleton (D:5)
  5 orc wizards
  Ijyb (D:5)
  5 worker ants
  A hound skeleton (D:4)
  Robin (D:4)
  8 gnolls
  9 adders
  2 oozes
  An adder skeleton (D:4)
  A worm (D:4)
  A dart slug (D:3)
  4 leopard geckos
  20 orcs
  A ball python (D:2)
  13 bats
  6 giant cockroaches
  18 goblins
  11 hobgoblins
  7 jackals
  A quokka (D:5)
  4 frilled lizards
  A jackal skeleton (D:4)
  6 kobolds
  A quokka zombie (D:7)
  6 rats
  10 fungi (D:6)
171 creatures vanquished.

Vanquished Creatures (others)
  4 fungi
4 creatures vanquished.

Grand Total: 175 creatures vanquished

Notes
Turn   | Place    | Note
-------+----------+-------------------------------------------
     0 | D:1      | Borgoz the Gargoyle Gladiator began the quest for the Orb.
     0 | D:1      | Reached XP level 1. HP: 12/12 MP: 1/1
   207 | D:1      | Reached XP level 2. HP: 11/18 MP: 2/2
   464 | D:1      | Reached skill level 1 in Armour
   888 | D:2      | Reached XP level 3. HP: 14/22 MP: 3/3
  1079 | D:2      | Reached skill level 3 in Fighting
  1082 | D:2      | Reached XP level 4. HP: 5/28 MP: 4/4
  2043 | D:3      | Reached XP level 5. HP: 32/32 MP: 5/5
  2488 | D:3      | Found a faded altar of an unknown god.
  2712 | D:4      | Noticed an ogre
  2718 | D:4      | Killed an ogre
  2718 | D:4      | Reached XP level 6. HP: 38/38 MP: 6/6
  2730 | D:4      | Reached skill level 4 in Fighting
  2926 | D:4      | Noticed Eustachio
  2948 | D:4      | Killed Eustachio
  2948 | D:4      | Reached XP level 7. HP: 18/44 MP: 7/7
  3325 | D:4      | Reached skill level 5 in Fighting
  3515 | D:4      | Reached XP level 8. HP: 43/49 MP: 8/8
  3652 | D:4      | Noticed Robin
  3683 | D:4      | Killed Robin
  3789 | D:4      | Found a runed translucent door.
  3790 | D:4      | Noticed Crazy Yiuf
  4016 | D:4      | Killed Crazy Yiuf
  4069 | D:5      | Entered Level 5 of the Dungeon
  4081 | D:5      | Found an opulent altar of Gozag.
  4175 | D:5      | Noticed Blork the orc
  4178 | D:5      | Noticed Sigmund
  4188 | D:5      | Killed Blork the orc
  4188 | D:5      | Reached skill level 5 in Axes
  4206 | D:5      | Killed Sigmund
  4206 | D:5      | Reached skill level 5 in Armour
  4234 | D:5      | Found an ancient bone altar of Kikubaaqudgha.
  4288 | D:5      | Noticed Pikel
  4341 | D:5      | Killed Pikel
  4341 | D:5      | Reached skill level 6 in Fighting
  4341 | D:5      | Reached skill level 5 in Dodging
  4341 | D:5      | Reached XP level 9. HP: 39/56 MP: 9/9
  4453 | D:5      | Found a staircase to the Ecumenical Temple.
  4455 | D:5      | Noticed Ijyb
  4466 | D:5      | Killed Ijyb
  4474 | Temple   | Entered the Ecumenical Temple
  4554 | Temple   | Became a worshipper of Makhleb the Destroyer
  4660 | D:5      | Found Kuufonoj's Assorted Antiques.
  5107 | D:6      | Reached skill level 1 in Invocations
  5309 | D:6      | Reached * piety under Makhleb
  6103 | D:6      | Reached skill level 7 in Fighting
  6366 | D:7      | Noticed Joseph
  6372 | D:7      | Gained mutation: Your mind is acute. (Int +2) [potion of
                  | mutation]
  6372 | D:7      | Gained mutation: You possess an exceptional clarity of
                  | mind. [potion of mutation]
  6372 | D:7      | Gained mutation: You are frail. (-10% HP) [potion of
                  | mutation]
  6372 | D:7      | Gained mutation: Your flesh is heat resistant. (rF+)
                  | [potion of mutation]
  6393 | D:7      | Splashed by Joseph's acid

Skill      XL: |  1  2  3  4  5  6  7  8  9 |
---------------+----------------------------+-----
Armour         | 1 2 3 4 5 6 |  6.4
Axes           | 3 4 5 6 |  6.2
Fighting       | 3 4 5 6 7 |  7.0
Dodging        | 3 4 5 |  5.6
Invocations    | 2 |  2.1
Throwing       | |  1.7

Action                   |  1- 3 |  4- 6 |  7- 9 || total
-------------------------+-------+-------+-------++-------
Melee: War axe           |    81 |    19 |   159 ||   259
       Whip              |       |   145 |   283 ||   428
Throw: Throwing net      |       |     1 |       ||     1
  Use: Potion            |     2 |       |     4 ||     6
 Stab: Invisible         |     1 |       |     1 ||     2
  Eat: Chunk             |     1 |     6 |    11 ||    18
Armor: Leather armour    |    26 |     5 |       ||    31
       Ring mail         |       |    87 |   211 ||   298
Dodge: Dodged            |    73 |   135 |   331 ||   539
